 Dungeon Crawl Stone Soup version 0.26-a0-1132-ge9770dfcb6 (webtiles) character file.

Game seed: 8273879588383428938

18866 Aviak the Frost Mage (level 12, -1/91 HPs)
             Began as a Gnoll Ice Elementalist on Dec 20, 2020.
             Was a High Priest of Vehumet.
             Slain by a skeletal warrior
             ... wielding a +3 dire flail of flaming
              (2 damage)
             ... in a volcano.
             The game lasted 00:37:00 (15146 turns).

Aviak the Frost Mage (Gnoll Ice Elementalist)      Turns: 15146, Time: 00:37:00

Health: -1/91      AC: 18    Str: 10    XL:     12   Next: 63%
Magic:  9/25       EV: 17    Int: 23    God:    Vehumet [*****.]
Gold:   475        SH:  9    Dex: 22    Spells: 1/29 levels left

rFire    + . .     SeeInvis .   W - +0 demon blade (vamp) {!w}
rCold    . . .     Faith    .   j - +2 buckler
rNeg     . . .     Spirit   .   K - +0 ring mail
rPois    .         Reflect  .   (no helmet)
rElec    .         Harm     .   s - +2 cloak
rCorr    .         Rampage  .   a - +0 pair of gloves
Will     .....                  R - +0 pair of boots
Stlth    ++++......             p - amulet of magic regeneration
HPRegen  0.25/turn              F - ring of protection from fire
MPRegen  0.44/turn              H - +6 ring of dexterity

@: icy armour, hasted, very quick
A: distributed training, fangs 1, strong nose
a: Renounce Religion


You were in a volcano.
You worshipped Vehumet.
Vehumet was extremely pleased with you.
You visited 3 branches of the dungeon, and saw 14 of its levels.
You also visited: Volcano.

You collected 1099 gold pieces.
You spent 624 gold pieces at shops.

Inventory:

Hand Weapons
 d - a +0 short sword
 I - a +2 dagger of venom
 W - a +0 vampiric demon blade (weapon) {!w}
Armour
 a - a +0 pair of gloves (worn)
 j - a +2 buckler (worn)
 s - a +2 cloak (worn)
 K - a +0 ring mail (worn)
 R - a +0 pair of boots (worn)
Magical Staves
 w - an uncursed staff of air {rElec}
Jewellery
 p - an amulet of magic regeneration (around neck)
 u - an uncursed amulet of guardian spirit
 F - a ring of protection from fire (left hand)
 H - a +6 ring of dexterity (right hand)
 T - a +6 ring of strength
Wands
 y - a wand of paralysis (7)
 A - a wand of flame (61)
 C - a wand of disintegration (12)
 E - a wand of iceblast (20)
 G - a wand of polymorph (12)
 J - a wand of digging (6)
 L - a wand of acid (2)
 O - a wand of random effects (16)
Scrolls
 e - 2 scrolls of fear
 g - 3 scrolls of enchant armour
 i - 2 scrolls of identify
 k - 4 scrolls of fog
 o - 3 scrolls of enchant weapon
 r - 5 scrolls of remove curse
 t - 3 scrolls of teleportation
 v - 5 scrolls of amnesia
 x - 2 scrolls of blinking
 D - 4 scrolls of magic mapping
 N - a scroll of holy word {unknown}
 P - 3 scrolls of immolation {unknown}
 S - a scroll of acquirement {unknown}
 U - a scroll of brand weapon {unknown}
 V - a scroll of noise {unknown}
Potions
 b - 3 potions of flight
 c - a potion of curing
 f - 2 potions of haste
 l - 2 potions of cancellation
 m - 3 potions of attraction
 n - a potion of lignification {!q}
 z - 3 potions of brilliance
 M - 2 potions of mutation {!q}
 Q - a potion of resistance
 Y - a potion of magic
 Z - a potion of ambrosia
Miscellaneous
 X - a tin of tremorstones (2/2)


   Skills:
 + Level 7.4 Fighting
 + Level 7.4 Short Blades
 + Level 7.4 Long Blades
 + Level 7.4 Axes
 + Level 7.4 Maces & Flails
 + Level 7.4 Polearms
 + Level 7.4 Staves
 + Level 7.4 Slings
 + Level 7.4 Bows
 + Level 7.4 Crossbows
 + Level 7.4 Throwing
 + Level 7.4 Armour
 + Level 8.8 Dodging
 + Level 8.6 Stealth
 + Level 7.4 Shields
 + Level 7.4 Unarmed Combat
 + Level 9.1 Spellcasting
 + Level 6.2 Conjurations
 + Level 6.2 Hexes
 + Level 6.2 Summonings
 + Level 6.2 Necromancy
 + Level 6.2 Translocations
 + Level 6.2 Transmutations
 + Level 6.2 Fire Magic
 + Level 9.5 Ice Magic
 + Level 6.2 Air Magic
 + Level 6.2 Earth Magic
 + Level 6.2 Poison Magic
 + Level 8.2 Invocations
 + Level 7.4 Evocations


You had one spell level left.
You knew the following spells:

 Your Spells              Type           Power        Failure   Level
a - Freeze                Ice            100%         1%          1
b - Frozen Ramparts       Ice            100%         1%          3
c - Ozocubu's Armour      Ice            53%          1%          3
d - Hailstorm             Conj/Ice       46%          1%          4
e - Summon Ice Beast      Ice/Summ       46%          5%          4
f - Ignite Poison         Fire/Tmut/Pois 39%          1%          3
g - Fulminant Prism       Conj/Hex       19%          3%          4
h - Ozocubu's Refrigerat  Ice            26%          11%         6

Your spell library contained the following spells:

 Spells                   Type           Power        Failure   Level
 Beastly Appendage        Tmut           78%          1%          1
 Magic Dart               Conj           100%         1%          1
 Searing Ray              Conj           78%          1%          2
 Dazzling Flash           Conj/Hex       78%          1%          3
 Iskenderun's Mystic Bla  Conj/Tloc      39%          3%          4
 Yara's Violent Unravell  Hex/Tmut       19%          8%          5
 Cause Fear               Hex            19%          11%         4
 Silence                  Hex/Air        19%          28%         5
 Discord                  Hex            19%          100%        8


Dungeon Overview and Level Annotations

Branches:
Dungeon (12/15)            Temple (1/1) D:7            Lair (1/6) D:10
    Orc (0/2) D:10        Volcano (1/1)

Altars:
Ashenzari
Cheibriados
Dithmenos
Elyvilon
Fedhas
Gozag
Hepliaklqana
Kikubaaqudgha
Makhleb
Nemelex Xobeh
Okawaru
Qazlal
Ru
Sif Muna
Trog
Uskayaw
Vehumet
Wu Jian
Xom
Yredelemnul
Zin
The Shining One
Beogh

Shops:
D:4 !   D:7 }   D:11 !

Annotations:
D:6 1 exclusion


Innate Abilities, Weirdness & Mutations

Your experience applies equally to all skills.
You have very sharp teeth.
Your uncanny sense of smell can sniff out nearby items.


Message History

The heat melts your icy armour.
You hit the skeletal warrior but do no damage.
The skeletal warrior is moderately damaged.
Your ice beast hits the skeletal warrior but does no damage.
You hit the skeletal warrior.
The skeletal warrior is moderately damaged.
You block the skeletal warrior's attack.
You barely miss the skeletal warrior.
The skeletal warrior is moderately damaged.
Your ice beast hits the skeletal warrior but does no damage.
You hit the skeletal warrior but do no damage.
The skeletal warrior is moderately damaged.
You block the skeletal warrior's attack.
You hit the skeletal warrior but do no damage.
The skeletal warrior is moderately damaged.
Your ice beast hits the skeletal warrior but does no damage.
The skeletal warrior hits you with a +3 dire flail of flaming!
* * * LOW HITPOINT WARNING * * *
The skeletal warrior burns you.
You die...

#.....'....8...+≈...§≈§≈≈
+..∩..').......+...≈≈≈≈§≈
#.....')...8...+≈....≈≈≈§
#.....##########.§.§.§≈§§
#..⌠..#.# ###§≈≈§§≈§
##'#####'## ##≈≈≈§§§
∆∆∆###.........###
##§§§§§
∆∆∆∆+.'.≈§§≈≈§≈zY.# #≈≈≈§
∆∆∆ #.......)@# #≈
##+#####+##


You could see a skeletal warrior and a friendly ice beast (summoned).

Vanquished Creatures
  2 boulder beetles
  Erolcha (D:11)
  Sonja (D:11)
  A skeletal warrior (Volcano)
  An unseen horror (D:11)
  2 anaconda skeletons (Volcano)
  A wolf spider zombie (D:12)
  An oklob plant (D:7)
  Psyche (D:8)
  2 gargoyles (Volcano)
  A centaur skeleton (D:11)
  A cane toad (Lair:1)
  Maggie (D:8)
  Grinder (D:3)
  2 trolls
  A hornet (D:11)
  Prince Ribbit (D:5)
  A dream sheep (D:8)
  A shadow (D:11)
  2 flying skulls (Volcano)
  4 yaks (D:11)
  Sigmund (D:2)
  2 wraiths (D:9)
  A basilisk (Lair:1)
  4 vampire mosquitoes (D:9)
  Menkaure (D:4)
  3 water moccasins
  Duvessa (D:5)
  2 hornet zombies (D:10)
  2 black bears
  A necrophage (D:9)
  3 ice beasts
  9 orc warriors
  A phantom (D:4)
  An eye of draining (D:10)
  A sky beast (D:10)
  4 ogres
  3 centaurs
  5 big kobolds
  10 bullfrogs
  A gnoll sergeant (D:7)
  Dowan (D:5)
  2 scorpions
  8 killer bees
  6 wights
  2 jellies (D:9)
  A centaur zombie (D:10)
  2 howler monkeys
  2 bullfrog zombies
  7 hounds
  A quasit (D:7)
  2 human zombies (D:9)
  A gnoll shaman (D:7)
  12 orc priests
  Crazy Yiuf (D:2)
  3 human skeletons (D:9)
  3 iguanas
  Natasha (thrice) (D:3)
  19 orc wizards
  7 worker ants
  An ogre zombie (D:9)
  2 hound zombies
  A naga skeleton (Volcano)
  2 hound skeletons
  2 mummies (D:9)
  A howler monkey zombie (D:5)
  2 worker ant zombies
  A howler monkey skeleton (D:5)
  6 gnolls (D:7)
  12 adders
  A shadow imp (D:7)
  3 white imps
  2 ufetubi
  An ooze (D:2)
  An adder zombie (D:10)
  3 worms
  11 leopard geckos
  75 orcs
  2 giant cockroaches (D:3)
  7 goblins
  14 hobgoblins
  12 jackals
  4 quokkas
  A ball python (D:3)
  7 bats
  8 frilled lizards
  15 kobolds
  10 rats
  A fulminant prism (Volcano)
376 creatures vanquished.

Vanquished Creatures (collateral kills)
  A hydra (D:8)
  2 two-headed ogres
  A dream sheep (D:8)
  A phantom (D:10)
  An ogre (D:7)
  A centaur (D:8)
  2 big kobolds
  A wight (D:8)
  A spectral bullfrog (D:10)
  An orc priest (D:7)
  A gnoll (D:7)
  2 orcs (D:8)
  A hobgoblin (D:7)
  A kobold (D:7)
17 creatures vanquished.

Vanquished Creatures (others)
  12 fulminant prisms
  29 plants
41 creatures vanquished.

Grand Total: 434 creatures vanquished

Notes
Turn   | Place    | Note
-------+----------+-------------------------------------------
     0 | D:1      | Aviak the Gnoll Ice Elementalist began the quest for the
                  | Orb.
     0 | D:1      | Reached XP level 1. HP: 13/13 MP: 6/6
     2 | D:1      | Noticed a draconian
     2 | D:1      | Noticed an elf
     4 | D:1      | Noticed an ogre
     6 | D:1      | Noticed a merfolk
     8 | D:1      | Noticed a vine stalker
    10 | D:1      | Noticed a naga
    10 | D:1      | Noticed an octopode
    12 | D:1      | Noticed a human
    12 | D:1      | Noticed a ghoul
    14 | D:1      | Noticed a minotaur
    14 | D:1      | Noticed a troll
    16 | D:1      | Noticed a demonspawn
    16 | D:1      | Noticed a gargoyle
    18 | D:1      | Noticed a felid
    20 | D:1      | Noticed a vampire
    20 | D:1      | Noticed a spriggan
    22 | D:1      | Noticed a halfling
    22 | D:1      | Noticed a centaur
    24 | D:1      | Noticed a tengu
    24 | D:1      | Noticed a dwarf
    26 | D:1      | Noticed a formicid
    26 | D:1      | Noticed a demigod
   317 | D:1      | Reached XP level 2. HP: 19/19 MP: 7/7
   975 | D:2      | Noticed Sigmund
   986 | D:2      | Killed Sigmund
   987 | D:2      | Reached skill level 1 in Fighting
   987 | D:2      | Reached skill level 1 in Short Blades
   987 | D:2      | Reached skill level 1 in Long Blades
   987 | D:2      | Reached skill level 1 in Axes
   987 | D:2      | Reached skill level 1 in Maces & Flails
   987 | D:2      | Reached skill level 1 in Polearms
   987 | D:2      | Reached skill level 1 in Staves
   987 | D:2      | Reached skill level 1 in Slings
   987 | D:2      | Reached skill level 1 in Bows
   987 | D:2      | Reached skill level 1 in Crossbows
   987 | D:2      | Reached skill level 1 in Throwing
   987 | D:2      | Reached skill level 1 in Armour
   987 | D:2      | Reached skill level 1 in Shields
   987 | D:2      | Reached skill level 1 in Unarmed Combat
   987 | D:2      | Reached skill level 5 in Spellcasting
   987 | D:2      | Reached skill level 1 in Conjurations
   987 | D:2      | Reached skill level 1 in Hexes
   987 | D:2      | Reached skill level 1 in Summonings
   987 | D:2      | Reached skill level 1 in Necromancy
   987 | D:2      | Reached skill level 1 in Translocations
   987 | D:2      | Reached skill level 1 in Transmutations
   987 | D:2      | Reached skill level 1 in Fire Magic
   987 | D:2      | Reached skill level 1 in Air Magic
   987 | D:2      | Reached skill level 1 in Earth Magic
   987 | D:2      | Reached skill level 1 in Poison Magic
   987 | D:2      | Reached skill level 1 in Invocations
   987 | D:2      | Reached skill level 1 in Evocations
   987 | D:2      | Reached XP level 3. HP: 19/26 MP: 2/9
   987 | D:2      | Reached XP level 4. HP: 24/32 MP: 2/11
   987 | D:2      | Reached XP level 5. HP: 28/37 MP: 2/12
  1653 | D:2      | Reached XP level 6. HP: 44/44 MP: 13/13
  1991 | D:2      | Found a runed translucent door.
  1992 | D:2      | Noticed Crazy Yiuf
  1999 | D:2      | Learned a level 3 spell: Frozen Ramparts
  2003 | D:2      | Learned a level 3 spell: Ozocubu's Armour
  2009 | D:2      | Killed Crazy Yiuf
  2160 | D:3      | Found a faded altar of an unknown god.
  2274 | D:3      | Noticed Natasha
  2277 | D:3      | Killed Natasha
  2278 | D:3      | Reached skill level 5 in Dodging
  2428 | D:3      | Noticed Natasha
  2444 | D:3      | Killed Natasha
  2525 | D:3      | Noticed Natasha
  2531 | D:3      | Killed Natasha
  2532 | D:3      | Reached XP level 7. HP: 32/50 MP: 11/15
  2537 | D:3      | Learned a level 4 spell: Hailstorm
  2811 | D:3      | Learned a level 4 spell: Summon Ice Beast
  2833 | D:3      | Noticed Grinder
  2873 | D:3      | Paralysed by Grinder for 3 turns
  2882 | D:3      | Paralysed by Grinder for 3 turns
  2889 | D:3      | Killed Grinder
  3309 | D:3      | Reached skill level 5 in Stealth
  3831 | D:4      | Found Okuos's Distillery.
  3834 | D:4      | Bought a potion of haste for 140 gold pieces
  3834 | D:4      | Bought a potion of curing for 42 gold pieces
  4008 | D:4      | Noticed Menkaure
  4235 | D:4      | Killed Menkaure
  4236 | D:4      | Reached XP level 8. HP: 28/58 MP: 10/16
  5038 | D:5      | Entered Level 5 of the Dungeon
  5151 | D:5      | Noticed Prince Ribbit
  5290 | D:5      | Killed Prince Ribbit
  5611 | D:5      | Reached XP level 9. HP: 65/65 MP: 14/18
  5676 | D:5      | Found a glowing silver altar of Zin.
  5677 | D:5      | Found a basalt altar of Yredelemnul.
  5677 | D:5      | Found a snail-covered altar of Cheibriados.
  5679 | D:5      | Found a bloodstained altar of Trog.
  5992 | D:5      | Noticed Dowan
  6000 | D:5      | Noticed Duvessa
  6012 | D:5      | Killed Dowan
  6015 | D:5      | Killed Duvessa
  6518 | D:6      | Noticed a moth of wrath
  6521 | D:6      | Found a bloodstained altar of Trog.
  6590 | D:6      | Found a blossoming altar of Fedhas.
  6592 | D:6      | Found an ancient bone altar of Kikubaaqudgha.
  7196 | D:7      | Found a staircase to the Ecumenical Temple.
  7222 | Temple   | Entered the Ecumenical Temple
  7266 | Temple   | Became a worshipper of Vehumet
  7309 | D:7      | Noticed an oklob plant
  7322 | D:7      | Killed an oklob plant
  7436 | D:7      | Found a sparkling altar of Nemelex Xobeh.
  7480 | D:7      | Reached skill level 5 in Invocations
  7628 | D:7      | Found Wineskos's Gadget Shop.
  7911 | D:7      | Reached XP level 10. HP: 53/73 MP: 5/20
  7913 | D:7      | Reached * piety under Vehumet
  7913 | D:7      | Offered knowledge of Shock by Vehumet.
  8040 | D:7      | Reached skill level 5 in Fighting
  8040 | D:7      | Reached skill level 5 in Short Blades
  8040 | D:7      | Reached skill level 5 in Long Blades
  8040 | D:7      | Reached skill level 5 in Axes
  8040 | D:7      | Reached skill level 5 in Maces & Flails
  8040 | D:7      | Reached skill level 5 in Polearms
  8040 | D:7      | Reached skill level 5 in Staves
  8040 | D:7      | Reached skill level 5 in Slings
  8040 | D:7      | Reached skill level 5 in Bows
  8040 | D:7      | Reached skill level 5 in Crossbows
  8040 | D:7      | Reached skill level 5 in Throwing
  8040 | D:7      | Reached skill level 5 in Armour
  8040 | D:7      | Reached skill level 5 in Shields
  8040 | D:7      | Reached skill level 5 in Unarmed Combat
  8040 | D:7      | Reached skill level 5 in Evocations
  9045 | D:8      | Noticed Maggie
  9064 | D:8      | Killed Maggie
  9554 | D:8      | Noticed a three-headed hydra
  9559 | D:8      | Reached ** piety under Vehumet
  9564 | D:8      | Killed a three-headed hydra
  9564 | D:8      | Offered knowledge of Sandblast by Vehumet.
 10096 | D:8      | Noticed Psyche
 10102 | D:8      | Killed Psyche
 10213 | D:8      | Found a glowing golden altar of the Shining One.
 10883 | D:9      | Found a broken altar of Ashenzari.
 10884 | D:9      | Found a shimmering altar of Xom.
 10950 | D:9      | Reached XP level 11. HP: 49/81 MP: 22/22
 11291 | D:9      | Noticed a two-headed ogre
 11350 | D:9      | Killed a two-headed ogre
 11350 | D:9      | Offered knowledge of Ignite Poison by Vehumet.
 11396 | D:9      | Reached skill level 5 in Conjurations
 11396 | D:9      | Reached skill level 5 in Hexes
 11396 | D:9      | Reached skill level 5 in Summonings
 11396 | D:9      | Reached skill level 5 in Necromancy
 11396 | D:9      | Reached skill level 5 in Translocations
 11396 | D:9      | Reached skill level 5 in Transmutations
 11396 | D:9      | Reached skill level 5 in Fire Magic
 11396 | D:9      | Reached skill level 5 in Air Magic
 11396 | D:9      | Reached skill level 5 in Earth Magic
 11396 | D:9      | Reached skill level 5 in Poison Magic
 11402 | D:9      | Learned a level 3 spell: Ignite Poison
 11737 | D:9      | Reached *** piety under Vehumet
 11801 | D:9      | Found an ancient bone altar of Kikubaaqudgha.
 12027 | D:10     | Entered Level 10 of the Dungeon
 12356 | D:10     | Offered knowledge of Inner Flame by Vehumet.
 12475 | D:10     | Noticed a boulder beetle
 12509 | D:10     | Killed a boulder beetle
 12839 | D:10     | Reached **** piety under Vehumet
 12875 | D:10     | Noticed a two-headed ogre
 12885 | D:10     | Killed a two-headed ogre
 12971 | D:10     | Found a staircase to the Lair.
 13083 | D:10     | Found a staircase to the Orcish Mines.
 13137 | D:10     | Found a shimmering blue altar of Sif Muna.
 13150 | D:10     | Identified Sif Muna's Compendium of Transmutation
 13179 | D:11     | Noticed Erolcha
 13253 | D:11     | Found Pual Edgh's Distillery.
 13258 | D:11     | Bought a potion of haste for 130 gold pieces
 13258 | D:11     | Bought a potion of mutation for 104 gold pieces
 13258 | D:11     | Bought a potion of magic for 104 gold pieces
 13258 | D:11     | Bought a potion of ambrosia for 104 gold pieces
 13265 | D:11     | Learned a level 4 spell: Fulminant Prism
 13298 | D:11     | Noticed Sonja
 13316 | D:11     | Offered knowledge of Fireball by Vehumet.
 13318 | D:11     | Killed Sonja
 13700 | D:11     | Killed an unseen horror
 13701 | D:11     | Reached XP level 12. HP: 36/89 MP: 20/24
 13945 | D:11     | Killed Erolcha
 14219 | D:11     | Noticed a boulder beetle
 14231 | D:11     | Killed a boulder beetle
 14324 | D:11     | Found a roughly hewn altar of Beogh.
 14665 | Lair:1   | Entered Level 1 of the Lair of Beasts
 14675 | Lair:1   | Found a broken altar of Ashenzari.
 14709 | Lair:1   | Reached ***** piety under Vehumet
 14734 | Lair:1   | Found a dark tunnel.
 14746 | Lair:1   | Offered knowledge of Ozocubu's Refrigeration by Vehumet.
 14756 | Lair:1   | Learned a level 6 spell: Ozocubu's Refrigeration
 14757 | Volcano  | Entered a volcano
 15146 | Volcano  | HP: 1/91 [skeletal warrior/+3 dire flail of flaming (17)]
 15146 | Volcano  | Slain by a skeletal warrior

Illustrated notes

Levels and vault maps discovered:
D:1:      kb_arrival_jail, layout_basic
D:2:      layout_rooms, uniq_crazy_yiuf_cottage, uniq_sigmund
D:3:      minmay_inner_zag, layout_basic, chequers_ecumenical_altar_twisty,
          serial_bayou_pond_b, uniq_natasha, uniq_grinder
D:4:      layout_loops_ring, serial_shops, kennysheep_mini_moat,
          chequers_mini_garden, uniq_menkaure
D:5:      layout_cave_pools, grunt_temple_overflow_open, uniq_duvessa,
          uniq_prince_ribbit1
D:6:      layout_loops_ring, grunt_temple_overflow_growth_and_decay,
          grunt_ministairs_13, tgw_trog
D:7:      kennysheep_housing_project, layout_rooms,
          minmay_temple_entry_junction, serial_shops,
          nicolae_shop_competitors_out_of_business, lemuel_oklob_altar
D:8:      layout_loops_corners, lemuel_doored_altar, hangedman_ranch
          [blue_anna_fruit_fields], uniq_maggie, uniq_psyche
D:9:      layout_irregular_city, chequers_temple_overflow_statue_of_worship,
          lemuel_mausoleum_altar_kikubaaqudgha
D:10:     layout_gridville, lair_entry_dummy, hiddenorc1_lemuel,
          hangedman_weighted_door, led_sif_book
D:11:     layout_rooms, serial_shops, kennysheep_little_box, special_room
          [special_room_orc], uniq_sonja, uniq_erolcha
D:12:     layout_cave_pods, kennysheep_generic_room_15
Temple:   nicolae_temple_god_jail
Lair:1:   layout_small_grid, nicolae_volcano_entry_lava_flow, basic_altar
Volcano:  volcano_tomb [vts_original]

Skill      XL: |  1  2  3  4  5  6  7  8  9 10 11 12 |
---------------+-------------------------------------+-----
Fighting       | 1 2 3 4 5 6 7 |  7.4
Short Blades   | 1 2 3 4 5 6 7 |  7.4
Long Blades    | 1 2 3 4 5 6 7 |  7.4
Axes           | 1 2 3 4 5 6 7 |  7.4
Maces & Flails | 1 2 3 4 5 6 7 |  7.4
Polearms       | 1 2 3 4 5 6 7 |  7.4
Staves         | 1 2 3 4 5 6 7 |  7.4
Slings         | 1 2 3 4 5 6 7 |  7.4
Bows           | 1 2 3 4 5 6 7 |  7.4
Crossbows      | 1 2 3 4 5 6 7 |  7.4
Throwing       | 1 2 3 4 5 6 7 |  7.4
Armour         | 1 2 3 4 5 6 7 |  7.4
Shields        | 1 2 3 4 5 6 7 |  7.4
Unarmed Combat | 1 2 3 4 5 6 7 |  7.4
Spellcasting   | 5 6 7 8 9 |  9.1
Conjurations   | 1 2 3 4 5 6 |  6.2
Hexes          | 1 2 3 4 5 6 |  6.2
Summonings     | 1 2 3 4 5 6 |  6.2
Necromancy     | 1 2 3 4 5 6 |  6.2
Translocations | 1 2 3 4 5 6 |  6.2
Transmutations | 1 2 3 4 5 6 |  6.2
Fire Magic     | 1 2 3 4 5 6 |  6.2
Air Magic      | 1 2 3 4 5 6 |  6.2
Earth Magic    | 1 2 3 4 5 6 |  6.2
Poison Magic   | 1 2 3 4 5 6 |  6.2
Invocations    | 1 2 3 4 5 6 7 8 |  8.2
Evocations     | 1 2 3 4 5 6 7 |  7.4
Dodging        | 5 6 7 8 |  8.8
Stealth        | 5 6 7 8 |  8.6
Ice Magic      | 8 9 |  9.5

Action                   |  1- 3 |  4- 6 |  7- 9 | 10-12 || total
-------------------------+-------+-------+-------+-------++-------
Melee: Unarmed           |     3 |       |       |       ||     3
       Short sword       |    17 |    25 |       |       ||    42
       Bite              |     1 |     9 |    36 |    74 ||   120
       Dagger            |       |    72 |   355 |   394 ||   821
       Punch             |       |     1 |       |       ||     1
       Demon blade       |       |       |       |   155 ||   155
 Cast: Freeze            |    11 |    21 |       |     3 ||    35
       Frozen Ramparts   |       |     5 |    28 |    41 ||    74
       Ozocubu's Armour  |       |     1 |    11 |     9 ||    21
       Summon Ice Beast  |       |       |     6 |    34 ||    40
       Hailstorm         |       |       |     4 |    24 ||    28
       Fulminant Prism   |       |       |       |    13 ||    13
       Ozocubu's Refrige |       |       |       |     2 ||     2
Evoke: Wand              |       |       |     2 |    11 ||    13
  Use: Potion            |     1 |       |     3 |     6 ||    10
       Scroll            |       |       |     4 |    15 ||    19
 Stab: Sleeping          |     4 |     3 |     8 |    17 ||    32
       Distracted        |       |     1 |     1 |     2 ||     4
       Paralysed         |       |       |     1 |       ||     1
Armor: Skin              |     2 |    63 |     7 |       ||    72
       Robe              |     1 |     3 |       |       ||     4
       Leather armour    |       |     9 |    79 |    15 ||   103
       Ring mail         |       |       |       |    77 ||    77
Dodge: Dodged            |    12 |    68 |   184 |   303 ||   567
Block: Buckler           |       |       |    84 |   203 ||   287
       Rpst.: Demon blade |       |       |       |    28 ||    28

Table legend: (Time is in decaauts)
 A = Elapsed time spent in this place.
 B = Non-inter-level travel time spent in this place.
 C = Inter-level travel time spent in this place.
 D = Time resting spent in this place.
 E = Time spent auto-exploring this place.
 F = Levels seen in this place.
 G = Mean time per level.
                   A        B        C        D        E       F      G
               +--------+--------+--------+--------+--------+-----+--------+
         Total |  14968 |  14456 |    512 |   3333 |   7997 |  15 |  997.9 |
       Dungeon |  14438 |  13942 |    496 |   3089 |   7966 |  12 | 1203.2 |
        Temple |     58 |     42 |     16 |      0 |     31 |   1 |   58.0 |
          Lair |     90 |     90 |      0 |      2 |      0 |   1 |   90.0 |
       Volcano |    380 |    380 |      0 |    242 |      0 |   1 |  380.0 |
               +--------+--------+--------+--------+--------+-----+--------+

Top non-repeatable levels by time:
     D:8: 1911 daAuts
     D:3: 1549 daAuts
     D:9: 1473 daAuts
    D:11: 1406 daAuts
     D:4: 1319 daAuts
     D:7: 1316 daAuts
     D:5: 1229 daAuts
     D:1: 1201 daAuts
    D:10: 1195 daAuts
     D:2: 948 daAuts
     D:6: 869 daAuts
 Volcano: 380 daAuts
  Lair:1: 90 daAuts
  Temple: 58 daAuts
    D:12: 17 daAuts
